 Dungeon Crawl Stone Soup version 0.20-a0-681-gf83e07f (webtiles) character file.

31 polly the Slasher (level 3, 0/27 HPs)
             Began as a Demonspawn Gladiator on Feb 18, 2017.
             Slain by a kobold
             ... wielding a +0 whip
              (4 damage)
             ... on level 2 of the Dungeon.
             The game lasted 00:00:50 (795 turns).

polly the Slasher (Demonspawn Gladiator)             Turns: 795, Time: 00:00:51

Health: 0/27       AC:  4    Str: 15    XL:     3   Next: 7%
Magic:  0/3        EV: 13    Int:  9    God:
Gold:   85         SH:  0    Dex: 14    Spells: 2/2 levels left

rFire    . . .     SeeInvis .   a - +0 long sword
rCold    . . .     Gourm    .   b - +0 leather armour
rNeg     . . .     Faith    .   (no shield)
rPois    .         Spirit   +   c - +0 helmet
rElec    .         Reflect  .   (no cloak)
rCorr    .         Harm     .   (no gloves)
MR       .....                  (no boots)
Stlth    +.........             h - amulet of regeneration
Regen    0.5/turn               (no ring)
MPRegen  0.2/turn               (no ring)

@: lethally poisoned (0 -> 0)
A: magic shield, magic regeneration
a: no special abilities


You were on level 2 of the Dungeon.
You were not hungry.

You visited 1 branch of the dungeon, and saw 2 of its levels.

You collected 85 gold pieces.

Inventory:

Hand Weapons
 a - a +0 long sword (weapon)
Missiles
 d - 3 throwing nets (quivered)
Armour
 b - a +0 leather armour (worn)
 c - a +0 helmet (worn)
Jewellery
 h - an amulet of regeneration (around neck)
Scrolls
 e - a scroll of identify {unknown}
 g - a scroll of remove curse {unknown}
Potions
 i - 2 potions of magic {unknown}
 j - a potion of brilliance {unknown}
 k - a potion of haste {unknown}
Comestibles
 f - a bread ration


   Skills:
 + Level 2.2 Fighting
 + Level 3.2 Long Blades
 + Level 1.8 Throwing
 + Level 3.1 Dodging


You had 2 spell levels left.
You didn't know any spells.

Dungeon Overview and Level Annotations

Branches:
Dungeon (2/15)

Altars:

Annotations:
D:2 Ijyb


Innate Abilities, Weirdness & Mutations

When hurt, damage is shared between your health and your magic reserves.
You regenerate magic rapidly.


Message History

You hit the adder.
The adder is almost dead.
The adder bites you. The adder misses you. The kobold hits you with a whip.
Ijyb hits you. The rat barely misses you. The adder barely misses you.
The adder misses you. The kobold hits you with a whip.
* * * LOW HITPOINT WARNING * * *
You are too injured to fight recklessly!
You are too injured to fight recklessly!
You are too injured to fight recklessly!
Unknown command.
You are too injured to fight recklessly!
You are too injured to fight recklessly!
You are too injured to fight recklessly!
You are too injured to fight recklessly!
You miss the adder.
You feel sick. Ijyb closely misses you. The adder bites you.
* * * LOW HITPOINT WARNING * * *
The adder barely misses you. The rat closely misses you.
You riposte.
You hit the rat but do no damage. The kobold hits you with a whip.
You die...

#.# #.# #.###
#...## ###..##
##..### ##
##...#
##%..#..K####..
.....(S@r......
.......Sg..<...
.............>.
...............
#...........##.
##...#......#
....###......
#### ....####


You could see Ijyb, 2 adders, a kobold and a rat.

Vanquished Creatures
  An adder (D:1)
  A dart slug (D:1)
  4 bats (D:1)
  3 giant cockroaches (D:1)
  A goblin (D:1)
  A hobgoblin (D:1)
  3 jackals (D:1)
  A frilled lizard (D:1)
  3 kobolds
  2 rats (D:1)
20 creatures vanquished.

Notes
Turn   | Place    | Note
-------+----------+-------------------------------------------
     0 | D:1      | polly the Demonspawn Gladiator began the quest for the Orb.
     0 | D:1      | Reached XP level 1. HP: 16/16 MP: 1/1
   283 | D:1      | Gained mutation: When hurt, damage is shared between your health and your magic reserves. [demonic ancestry]
   283 | D:1      | Reached XP level 2. HP: 15/22 MP: 2/2
   685 | D:1      | Gained mutation: You regenerate magic rapidly. [demonic ancestry]
   685 | D:1      | Reached XP level 3. HP: 16/27 MP: 1/3
   784 | D:2      | Noticed Ijyb
   795 | D:2      | Slain by a kobold

Vault maps used:
D:1:      dpeg_arrival_arbitrary_b, hangedman_decor_lopped, minmay_distorted
D:2:      uniq_sigmund, uniq_iyjb

Skill      XL: |  1 |
---------------+----+-----
Dodging        | 3 |  3.1
Long Blades    | 3 |  3.2
Fighting       | |  2.2
Throwing       | |  1.8

Action                   || total
-------------------------++-------
Melee: Long sword        ||    72
 Stab: Sleeping          ||     2
Armor: Leather armour    ||    30
Dodge: Dodged            ||    86
       Rpst.: Long sword ||    25
